Map: Acid Plant LE

Players

MaSa - Winner!

  • Race: Terran Terran
  • Spawn Location: 11:00

SortOf

  • Race: Zerg Zerg
  • Spawn Location: 5:00

Event: WCS Leipzig 2018

VOD

Have the link to the VOD?

Description

Time

  • Played on: Jan. 26, 2018, 1:05 p.m.
  • Length: 3:34

All games in this series

Show
View Real Time Build Order
Export as new Build Order

MaSa Terran - Winner!

Build Orders:  

Get SALT Encoding   

  12  0:00  SCV  
  13  0:12  SCV  
  14  0:18  Supply Depot  
  14  0:24  SCV  
  15  0:40  SCV  
  16  0:43  Barracks  
  16  0:55  Barracks  
  16  0:59  SCV  
  17  1:05  Refinery  
  17  1:11  SCV  
  18  1:29  Marine  
  18  1:30  Orbital Command  
  19  1:40  Bunker  
  19  1:42  Marine  
  20  1:47  Marine  
  20  1:48  Supply Depot  
  20  1:53  Bunker  
  21  1:58  SCV  
  22  2:05  Marine  
  23  2:10  Marine  
  23  2:12  SCV  
  25  2:18  Bunker  
  25  2:23  Marine  
  25  2:26  SCV  
  25  2:27  Marine  
  28  2:33  Factory  
  28  2:41  Supply Depot  
  28  2:42  Marine  
  29  2:45  SCV  
  30  2:52  Marine  
  31  3:00  SCV  
  31  3:01  Marine  
  30  3:10  Marine  
  30  3:12  SCV  
  32  3:23  Starport  
Show
View Real Time Build Order
Export as new Build Order

SortOf Zerg 

Build Orders: Hatch First 

Get SALT Encoding   

  12  0:00  Drone  
  13  0:12  Overlord  
  13  0:16  Drone  
  14  0:31  Drone x2  
  14  0:34  Drone  
  17  0:53  Hatchery  
  17  0:55  Drone  
  17  0:58  Drone  
  18  1:06  Drone  
  19  1:12  Extractor  
  19  1:18  Spawning Pool  
  17  1:21  Drone  
  18  1:28  Drone  
  19  1:39  Drone  
  20  1:51  Overlord  
  20  2:05  Queen x2  
  20  2:06  Zergling x4  
  26  2:11  Metabolic Boost  
  26  2:13  Zergling x2  
  27  2:17  Zergling x2  
  28  2:25  Zergling x2  
  29  2:31  Zergling x2  
  29  2:35  Overlord  
  30  2:38  Zergling x2  
  29  2:51  Zergling x4  
  29  2:54  Zergling x2  
  26  3:01  Zergling x2  
  21  3:07  Drone  
  21  3:10  Zergling x2  
Tags
 
Add a new tag
Caveats
  • Supply blocks, unpowered buildings, or Contaminate may cause inaccurate times.
  • Supply counts are checked every 10 seconds.